 Dungeon Crawl Stone Soup version 0.30-a0-1093-gcfb1e0cf12 (webtiles) character file.

Game seed: 8281106764681780425

249896 Ic0nGaming the Spry (level 20, -1/134 HPs)
             Began as a Kobold Gladiator on Apr 17, 2023.
             Was an Initiate of Gozag.
             Slain by a deep elf knight
             ... wielding a +1 war axe of electrocution
              (8 damage)
             ... on level 1 of the Elven Halls.
             The game lasted 02:12:50 (47335 turns).

Ic0nGaming the Spry (Kobold Gladiator)             Turns: 47335, Time: 02:12:51

Health: -1/134     AC: 19    Str: 17    XL:     20   Next: 40%
Magic:  20/20      EV: 29    Int:  9    God:    Gozag
Gold:   5524       SH:  9    Dex: 23    Spells: 19/19 levels left

rFire   + . .      SeeInvis .    Q - +4 scimitar (flame)
rCold   + . .      Faith    .    g - +3 buckler {rC+}
rNeg    . . .      Spirit   .    B - +5 ring mail {rF+}
rPois   +          Reflect  .    c - +2 helmet
rElec   .          Rampage  +    P - scarf of Impermeability {repulsion, Will+}
rCorr   .                        k - +0 pair of gloves
Will    +++..                    a - +2 pair of boots of Analysis {Rampage Will+ Str+3}
Stlth   ++++++                   p - amulet of regeneration
HPRegen 1.22/turn                I - ring of poison resistance
MPRegen 0.17/turn                S - ring of flight

@: silenced, gold aura, flying, studying Ice Magic, repel missiles
A: small, no large weapons, nightstalker 3, no potion heal 1
}: 2/15 runes: decaying, gossamer
a: Renounce Religion


You were on level 1 of the Elven Halls.
You worshipped Gozag.
Gozag was greatly pleased with you.
You visited 7 branches of the dungeon, and saw 32 of its levels.
You also visited: Sewer, Ice Cave and Volcano.

You collected 13332 gold pieces.
You spent 3063 gold pieces at shops.
You paid 4745 gold pieces to Gozag.

Inventory:

Hand Weapons
 b - a +1 scimitar of holy wrath
 J - a +3 scimitar of flaming
 Q - a +4 scimitar of flaming (weapon)
Missiles
 d - 3 throwing nets
 e - 12 boomerangs (quivered)
 r - 9 atropa-tipped darts
 x - 43 poisoned darts
 z - 6 curare-tipped darts
 H - 2 silver boomerangs
Armour
 a - the +2 pair of boots of Analysis (worn) {Rampage Will+ Str+3}
   (You bought it in a shop on level 2 of the Orcish Mines)

   Str:       It affects your strength (+3).
   Rampage:   It bestows one free step when moving towards enemies.
   Will:      It increases your willpower.
 c - a +2 helmet (worn)
 g - a +3 buckler of cold resistance (worn)
 k - a +0 pair of gloves (worn)
 B - a +5 ring mail of fire resistance (worn)
 K - the scarf of the Gate {rC+ rF+, Dex+2}
   (You found it on level 9 of the Dungeon)

   Dex:       It affects your dexterity (+2).
 P - the scarf of Impermeability (worn) {repulsion, Will+}
   (You acquired it in an ice cave)

   Will:      It increases your willpower.
Jewellery
 p - an amulet of regeneration (around neck)
 s - a ring of willpower
 C - a ring of see invisible
 I - a ring of poison resistance (left hand)
 S - a ring of flight (right hand)
Wands
 n - a wand of paralysis (10)
 v - a wand of roots (17)
 D - a wand of polymorph (25)
 G - a wand of digging (2)
 L - a wand of flame (37)
 T - a wand of mindburst (11)
 U - a wand of quicksilver (24)
Scrolls
 h - 10 scrolls of teleportation
 l - a scroll of butterflies
 u - 7 scrolls of fog
 w - 6 scrolls of magic mapping
 N - 16 scrolls of identify
Potions
 f - 7 potions of resistance
 i - 5 potions of flight
 j - 6 potions of ambrosia
 m - 5 potions of magic
 o - 6 potions of mutation
 q - 12 potions of curing
 t - 4 potions of cancellation
 F - 5 potions of brilliance
 M - a potion of invisibility
 O - 6 potions of haste
 R - 5 potions of might
Miscellaneous
 E - a phial of floods
 V - a phantom mirror


   Skills:
 + Level 17.4 Fighting
 - Level 14.0(18.3) Short Blades
 - Level 12.8(14.0) Long Blades
 - Level 2.1 Throwing
 - Level 8.3 Armour
 + Level 19.0 Dodging
 + Level 16.7 Stealth
 - Level 5.5 Shields
 - Level 15.1 Evocations


You had 19 spell levels left.
You didn't know any spells.
Your spell library contained the following spells:

 Spells                   Type           Power      Damage    Failure   Level
 Apportation              Tloc           0%         N/A       67%         1
 Freeze                   Ice            0%         1d3       67%         1
 Necrotise                Necr           0%         1d4       67%         1
 Sandblast                Erth           0%         2d4       67%         1
 Shock                    Conj/Air       0%         1d3       67%         1
 Sting                    Tmut/Pois      0%         1d3       67%         1
 Summon Small Mammal      Summ           0%         N/A       67%         1
 Passwall                 Tmut/Erth      0%         N/A       82%         2
 Poisonous Vapours        Pois/Air       0%         N/A       82%         2
 Frozen Ramparts          Ice            0%         1d1       96%         3
 Hailstorm                Conj/Ice       0%         3d3       96%         3
 Ignite Poison            Fire/Tmut/Pois 0%         N/A       96%         3
 Mephitic Cloud           Conj/Pois/Air  0%         N/A       96%         3
 Stone Arrow              Conj/Erth      0%         3d7       96%         3
 Swiftness                Air            0%         N/A       96%         3
 Vhi's Electric Charge    Tloc/Air       0%         N/A       96%         3
 Volatile Blastmotes      Fire/Tloc      0%         2d10      96%         3
 Airstrike                Air            0%         2d(0-16)  100%        4
 Cause Fear               Hex            0%         N/A       100%        4
 Fulminant Prism          Conj/Hex       0%         3d5       100%        4
 Ice Form                 Ice/Tmut       0%         N/A       100%        4
 Iskenderun's Mystic Bla  Conj/Tloc      0%         2d3       100%        4
 Leda's Liquefaction      Hex/Erth       0%         N/A       100%        4
 Manifold Assault         Tloc           0%         N/A       100%        4
 Olgreb's Toxic Radiance  Pois           0%         N/A       100%        4
 Sticky Flame             Conj/Fire      0%         2d3       100%        4
 Alistair's Intoxication  Tmut/Pois      0%         N/A       100%        5
 Arcjolt                  Conj/Air       0%         1d10      100%        5
 Freezing Cloud           Conj/Ice/Air   0%         6-21      100%        5
 Lee's Rapid Deconstruct  Erth           0%         3d4*      100%        5
 Dispersal                Tloc           0%         N/A       100%        6
 Plasma Beam              Fire/Air       0%         2x1d11    100%        6
 Statue Form              Tmut/Erth      0%         N/A       100%        6
 Dragon Form              Tmut           0%         N/A       100%        7
 Disjunction              Tloc           0%         N/A       100%        8
 Ignition                 Fire           0%         3d3       100%        8
 Dragon's Call            Summ           0%         N/A       100%        9
 Simulacrum               Ice/Necr       Unusable   N/A       N/A         6

Dungeon Overview and Level Annotations

Branches:
Dungeon (15/15)            Temple (1/1) D:7            Lair (5/5) D:10
  Swamp (4/4) Lair:2       Spider (4/4) Lair:3        Slime (0/5) Lair:4
    Orc (2/2) D:12            Elf (1/3) Orc:2        Vaults (0/5) D:14
 Depths (0/4) D:15          Sewer (visited)           IceCv (visited)
Volcano (visited)

Altars:
Ashenzari
Cheibriados
Dithmenos
Elyvilon
Fedhas
Gozag
Hepliaklqana
Kikubaaqudgha
Makhleb
Nemelex Xobeh
Okawaru
Qazlal
Ru
Sif Muna
Trog
Uskayaw
Vehumet
Wu Jian
Xom
Yredelemnul
Zin
The Shining One

Shops:
D:5 *   D:8 =   Orc:2 :[((   Elf:1 **   Lair:4 (   Lair:5 ([

Annotations:
Lair:5 1 runed translucent door, topfpfpflanze's ghost, journeyman FeCj


Innate Abilities, Weirdness & Mutations

You are small and have problems with some larger weapons.
You are completely attuned to the shadows.
Potions are less effective at restoring your health.


Message History

Something hits you but does no damage.
Your system partially rejects the healing.
You feel much better.
You hear some strange, mumbled words.
A shard of ice appears from out of thin air!
The shard of ice misses you.
You hear some strange, mumbled words.
A lance of force appears from out of thin air!
The lance of force misses you.
The lance of force misses the deep elf high priest.
The deep elf high priest is distracted by your dazzling golden aura.
The deep elf high priest shouts!
You hit the deep elf high priest. You burn the deep elf high priest.
The deep elf high priest is no longer distracted by gold.
The deep elf high priest is severely wounded.
You hear some strange, mumbled words.
A shard of ice appears from out of thin air!
The shard of ice hits you! You partially resist.
The deep elf high priest hits you with a +0 scimitar!
* * * LOW HITPOINT WARNING * * *
You completely miss the deep elf high priest.
The deep elf high priest is severely wounded.
Something hits you!
* * * LOW HITPOINT WARNING * * *
The deep elf high priest invokes the aid of its god against you.
Something smites you!
* * * LOW HITPOINT WARNING * * *
You block something's attack.
Your system partially rejects the healing.
You feel much better. Something hits you but does no damage.
You are electrocuted!
* * * LOW HITPOINT WARNING * * *
The deep elf high priest utters a dark prayer and points at you.
Your life force is offered up.
* * * LOW HITPOINT WARNING * * *
The deep elf high priest is healed.
As you read the scroll of silence, it crumbles to dust.
A profound silence engulfs you. Something hits you!
You die...
Your body crumbles into a pile of gold.

#.'..e.... $ #.###
.....##.'....... #.###
####.####e.#..#. #.#..
.#.....#.'....... #....
.........'e{..... #.#.#
........##88#88#8 ##....
......?$.############.....
........#e.... ..(.......
.#.....##@####...###.=....
.........{................
.###.#...#'#......#.......
#....8#'#8.............
#...###'###....[.......
##...'''∩'''............
...#.###'###..[.........
#.....8#'#8...).........
#.##...#'#..)..[...)....


You could see a deep elf high priest.

Vanquished Creatures
  Rupert (Lair:3)
  Asterion (Elf:1)
  Frances (Spider:2)
  Kirke (Spider:2)
  Roxanne (Swamp:1)
  3 thorn hunters
  Donald (Orc:2)
  Aizul (Spider:2)
  5 emperor scorpions
  5 ghost moths
  A broodmother (Spider:3)
  A stone giant (Volcano)
  2 orc warlords
  6 eleionomae
  Azrael (Spider:3)
  3 bunyips
  4 spark wasps
  Josephine (D:10)
  4 fire dragons
  A shambling mangrove (Swamp:2)
  2 deep elf high priests (Elf:1)
  2 entropy weavers
  Erolcha (Orc:2)
  A catoblepas (Lair:5)
  20 hydras
  3 boulder beetles
  4 jorogumos (Spider:4)
  7 two-headed ogres
  A merfolk avatar (Lair:5)
  The ghost of tmaa the Basher, a novice MiFi (D:8)
  10 dancing weapons (Elf:1)
  An ironbound frostheart (IceCv)
  4 centaur warriors
  3 radroaches
  14 alligators
  16 death yaks
  2 orc high priests (Orc:2)
  2 tengu warriors (D:15)
  Urug (D:14)
  4 deep elf knights (Elf:1)
  13 spriggans
  3 skeletal warriors (D:12)
  10 pharaoh ants
  A death drake (Swamp:4)
  6 goliath frogs
  A skyshark (Lair:3)
  5 spriggan druids
  7 orb spiders
  15 swamp dragons
  An obsidian statue (Volcano)
  3 orc knights
  A wizard (D:15)
  2 bog bodies (Swamp:1)
  6 deep elf archers (Elf:1)
  3 lindwurms (Swamp:4)
  6 deep elf zephyrmancers (Elf:1)
  8 steelbarb worms
  A necromancer (D:15)
  2 phantasmal warriors (D:14)
  8 deep elf pyromancers
  4 orc sorcerers
  8 ugly things
  16 wolf spiders
  The ghost of topfpfpflanze the Thaumaturge, a novice FeNe of Gozag (D:9)
  5 will-o-the-wisps
  A centaur zombie (D:15)
  3 cyclopes
  21 elephants
  7 manticores
  Maurice (Orc:2)
  5 black mambas
  2 moths of wrath
  5 torpor snails
  7 demonic crawlers
  2 centaur skeletons (D:15)
  Joseph (D:7)
  3 gargoyles
  An ice statue (IceCv)
  2 naga magi (D:15)
  19 cane toads
  8 komodo dragons
  An efreet (Volcano)
  Psyche (D:11)
  4 rime drakes
  3 kobold demonologists
  2 freezing wraiths (D:15)
  4 tengu conjurers
  9 trolls
  2 bloated husks
  A merfolk (Spider:4)
  4 meliai
  A burning bush (Lair:5)
  6 tyrant leeches
  17 hornets
  18 polar bears
  25 tarantellas
  4 dream sheep (Lair:5)
  22 blink frogs
  2 snapping turtles (Lair:5)
  9 slime creatures
  30 jumping spiders
  25 culicivoras
  6 wraiths
  11 wyverns
  A water elemental (Elf:1)
  6 fire elementals
  52 yaks
  2 vampires
  4 basilisks
  A hog (Spider:2)
  An unseen horror simulacrum (D:9)
  15 humans (D:14)
  7 fire bats (Volcano)
  6 steam dragons
  A human (shapeshifter) (D:15)
  45 redbacks
  11 vampire mosquitoes
  Edmund (D:5)
  25 swamp worms
  The ghost of Dwachs the Shooter, an amateur TeHu (D:3)
  A harpy simulacrum (D:14)
  A swamp worm (shapeshifter) (D:15)
  19 water moccasins
  5 hell hounds (Spider:3)
  6 wargs
  An acid dragon (D:11)
  2 sky beasts
  10 swamp drakes
  36 orc warriors
  5 ice beasts
  24 wolves
  3 ogres
  2 phantoms
  3 centaurs
  3 earth elementals
  12 bullfrogs
  5 kobold brigands
  A scorpion (D:5)
  20 wights
  21 killer bees
  3 electric eels
  3 howler monkeys
  6 lava snakes (Volcano)
  3 hounds
  4 gnoll boudas
  19 orc priests
  3 jellies
  2 sleepcaps
  3 iguanas
  26 orc wizards
  3 centaur simulacra (D:9)
  A killer bee simulacrum (D:9)
  Robin (D:2)
  7 adders
  10 gnolls
  A shadow imp (D:8)
  A white imp (D:6)
  3 ufetubi
  3 worms
  A dart slug (D:3)
  87 orcs
  4 ball pythons
  7 endoplasms
  A giant cockroach (D:2)
  11 goblins
  10 hobgoblins
  2 jackals (Sewer)
  2 quokkas
  17 bats
  7 frilled lizards
  16 kobolds
  9 rats
1209 creatures vanquished.

Vanquished Creatures (others)
  A hornet (Swamp:2)
  A spriggan (Swamp:2)
  A culicivora (Spider:4)
  2 humans (Spider:2)
  A water elemental (Elf:1)
  A steam dragon (Swamp:4)
  3 swamp drakes (Swamp:4)
  A kobold (D:3)
  A briar patch (Swamp:2)
  3 bushes (Lair:5)
  8 foxfires
  37 fungi
  85 plants
145 creatures vanquished.

Grand Total: 1354 creatures vanquished

Notes
Turn   | Place    | Note
-------+----------+-------------------------------------------
     0 | D:1      | Ic0nGaming the Kobold Gladiator began the quest for the
                  | Orb.
     0 | D:1      | Reached XP level 1. HP: 12/12 MP: 1/1
   478 | D:1      | Reached XP level 2. HP: 17/17 MP: 2/2
   689 | D:1      | Reached skill level 5 in Short Blades
  1089 | D:2      | Reached XP level 3. HP: 21/21 MP: 3/3
  1329 | D:2      | Found a faded altar of an unknown god.
  1540 | D:2      | Noticed Robin
  1541 | D:2      | Reached XP level 4. HP: 23/26 MP: 4/4
  1555 | D:2      | Killed Robin
  2224 | D:3      | Reached XP level 5. HP: 30/30 MP: 5/5
  2275 | D:3      | Found a runed translucent gate.
  2276 | D:3      | Noticed a kobold brigand
  2276 | D:3      | Found a runed translucent gate.
  2277 | D:3      | Found a runed translucent gate.
  2277 | D:3      | Noticed Dwachs's ghost (amateur TeHu)
  2742 | D:4      | Reached XP level 6. HP: 35/35 MP: 6/6
  3319 | D:5      | Entered Level 5 of the Dungeon
  3356 | D:5      | Noticed a two-headed ogre
  3367 | D:5      | Killed a two-headed ogre
  3368 | D:5      | Reached XP level 7. HP: 40/40 MP: 7/7
  3368 | D:5      | Reached XP level 8. HP: 44/44 MP: 8/8
  3391 | D:5      | Found Kurchehi's Neck Hole.
  3432 | D:5      | Found a glowing drain.
  3464 | Sewer    | Entered a sewer
  3596 | Sewer    | Found a white marble altar of Elyvilon.
  3957 | D:5      | Reached XP level 9. HP: 48/48 MP: 9/9
  4340 | D:6      | Reached skill level 4 in Dodging
  4340 | D:6      | Reached skill level 1 in Stealth
  4424 | D:6      | Noticed Edmund
  4453 | D:5      | Killed Edmund
  4512 | D:6      | Reached skill level 5 in Dodging
  5118 | D:6      | Reached skill level 1 in Armour
  5372 | D:7      | Reached skill level 5 in Stealth
  5497 | D:7      | Reached XP level 10. HP: 58/58 MP: 10/10
  5557 | D:7      | Reached skill level 6 in Dodging
  5639 | D:7      | Noticed Joseph
  5645 | D:7      | Killed Joseph
  5646 | D:7      | Reached skill level 5 in Fighting
  6041 | D:7      | Found a staircase to the Ecumenical Temple.
  6047 | Temple   | Entered the Ecumenical Temple
  6481 | Temple   | Became a worshipper of Gozag Ym Sagoz the Greedy
  6888 | D:8      | Found Soibbof's Jewellery Shop.
  6932 | D:8      | Reached skill level 7 in Dodging
  6946 | D:8      | Found a runed translucent gate.
  6949 | D:8      | Found a runed translucent gate.
  6949 | D:8      | Found a runed translucent gate.
  6951 | D:8      | Found an opulent altar of Gozag.
  6951 | D:8      | Noticed a four-headed hydra
  7487 | D:8      | Noticed a two-headed ogre
  7627 | D:8      | Reached skill level 8 in Dodging
  7808 | D:9      | Identified the scarf of the Gate {rC+ rF+, Dex+2}
  7896 | D:9      | Found a runed translucent gate.
  7929 | D:9      | Noticed a two-headed ogre
  7946 | D:9      | Found a transporter.
  7949 | D:9      | Noticed an orc knight
  7950 | D:9      | Found a glowing silver altar of Zin.
  7950 | D:9      | Noticed a centaur warrior
  7964 | D:9      | Noticed a boulder beetle
  7970 | D:9      | Found a transporter.
  8015 | D:9      | Killed a two-headed ogre
  8016 | D:9      | Reached XP level 11. HP: 38/67 MP: 11/11
  8409 | D:9      | Identified the +1 dagger "Fuclytsu" {flame, Int+3 Dex+3}
  8425 | D:9      | Found a runed translucent gate.
  8426 | D:9      | Found a runed translucent gate.
  8548 | D:9      | Reached skill level 1 in Long Blades
  9214 | D:10     | Entered Level 10 of the Dungeon
  9257 | D:10     | Identified the +7 hand axe of Ghostly Integrity {spect,
                  | Int+3 SInv}
  9649 | D:10     | Noticed a sixfirhy
  9767 | D:10     | Reached skill level 5 in Long Blades
  9977 | D:10     | Noticed Josephine
 10001 | D:10     | Killed Josephine
 10043 | D:10     | Found a staircase to the Lair.
 10227 | D:10     | Found an iron altar of Okawaru.
 10227 | D:10     | Found a sacrificial altar of Ru.
 10230 | D:10     | Found a glowing golden altar of the Shining One.
 10232 | D:10     | Found a bloodstained altar of Trog.
 10234 | D:10     | Found a hazy altar of Hepliaklqana.
 10234 | D:10     | Found a radiant altar of Vehumet.
 10234 | D:10     | Found a shadowy altar of Dithmenos.
 10235 | D:10     | Found a shimmering blue altar of Sif Muna.
 10236 | D:10     | Found a basalt altar of Yredelemnul.
 10339 | D:10     | Reached XP level 12. HP: 64/73 MP: 12/12
 10899 | D:11     | Noticed a two-headed ogre
 10912 | D:11     | Killed a two-headed ogre
 11539 | D:11     | Noticed Psyche
 11549 | D:11     | Killed Psyche
 11628 | D:11     | Noticed a centaur warrior
 11638 | D:11     | Killed a centaur warrior
 11940 | D:12     | Found a frozen archway.
 11957 | D:12     | Noticed a centaur warrior
 12043 | D:12     | Killed a centaur warrior
 12106 | IceCv    | Entered an ice cave
 12264 | IceCv    | Noticed a death yak
 12287 | IceCv    | Killed a death yak
 12288 | IceCv    | Reached skill level 10 in Long Blades
 12677 | IceCv    | Reached XP level 13. HP: 73/78 MP: 13/13
 13209 | IceCv    | Noticed an ironbound frostheart
 13215 | IceCv    | Banished an ironbound frostheart
 13285 | IceCv    | Noticed an ironbound frostheart
 13291 | IceCv    | Killed an ironbound frostheart
 13372 | IceCv    | Identified a scroll of acquirement
 13372 | IceCv    | Acquired the scarf of Impermeability {repulsion, Will+}
 13853 | Lair:1   | Entered Level 1 of the Lair of Beasts
 13956 | Lair:1   | Found a dark tunnel.
 13962 | Volcano  | Entered a volcano
 14161 | Volcano  | Reached skill level 1 in Evocations
 14198 | Volcano  | Noticed a stone giant
 14229 | Volcano  | Killed a stone giant
 14252 | Volcano  | Found a bloodstained altar of Trog.
 14314 | Volcano  | Gained mutation: You have hidden genetic defects. [a
                  | neqoxec]
 14329 | Volcano  | Identified the +1 pair of boots "Xeps" {Str+3}
 14590 | Lair:1   | Reached skill level 5 in Evocations
 14777 | Lair:1   | Reached skill level 9 in Dodging
 14903 | Lair:1   | Reached XP level 14. HP: 79/83 MP: 14/14
 14925 | Lair:1   | Gained mutation: You are weak. (Str -2) [hidden defects]
 14946 | Lair:1   | Reached skill level 10 in Stealth
 16125 | Lair:2   | Gained mutation: Armour fits poorly on your strangely
                  | shaped body. [hidden defects]
 16125 | Lair:2   | Lost mutation: You have hidden genetic defects. [hidden
                  | defects expressed]
 16173 | Lair:2   | Lost mutation: You are weak. (Str -2) [potion of mutation]
 16173 | Lair:2   | Lost mutation: Armour fits poorly on your strangely shaped
                  | body. [potion of mutation]
 16173 | Lair:2   | Gained mutation: Potions are less effective at restoring
                  | your health. [potion of mutation]
 16297 | Lair:2   | Reached skill level 10 in Dodging
 16410 | Lair:2   | Found a staircase to the Swamp.
 17445 | Lair:3   | Found a hole to the Spider Nest.
 17648 | Lair:3   | Identified the +0 helmet "Kenis" {Drain Int+5}
 17977 | Lair:3   | Noticed Rupert
 17991 | Lair:3   | HP: 5/108 [Rupert/+2 great mace of draining (7)]
 17992 | Lair:3   | Killed Rupert
 18489 | Lair:4   | Found a staircase to the Slime Pits.
 19172 | Lair:4   | Reached skill level 11 in Dodging
 19607 | Lair:5   | Entered Level 5 of the Lair of Beasts
 19757 | Lair:4   | Reached XP level 15. HP: 72/92 MP: 15/15
 19781 | Lair:4   | Reached skill level 10 in Fighting
 20606 | Lair:5   | Reached skill level 12 in Dodging
 20606 | Lair:5   | Reached skill level 10 in Evocations
 20820 | Lair:5   | Found a runed translucent door.
 20820 | Lair:5   | Noticed topfpfpflanze's ghost (journeyman FeCj)
 20944 | Lair:5   | Reached skill level 5 in Armour
 21419 | Lair:5   | Bought a jewelled ring mail for 342 gold pieces
 21419 | Lair:5   | Identified the +1 ring mail of the Skies Above {Will+
                  | Regen+ Int+3 Dex+2} (You bought it in a shop on level 5 of
                  | the Lair of Beasts)
 21421 | Lair:5   | Bought a pitted leather armour for 266 gold pieces
 21421 | Lair:5   | Identified the +1 leather armour of the Lily {Fly rF- rCorr
                  | Str+3} (You bought it in a shop on level 5 of the Lair of
                  | Beasts)
 21894 | Lair:5   | Bought a glowing rapier for 161 gold pieces
 21894 | Lair:5   | Bought a glowing rapier for 161 gold pieces
 22215 | D:3      | Killed Dwachs's ghost
 22419 | D:8      | Noticed tmaa's ghost (novice MiFi)
 22439 | D:8      | Killed tmaa's ghost
 22440 | D:8      | Reached XP level 16. HP: 96/100 MP: 16/16
 22581 | D:9      | Noticed topfpfpflanze's ghost (novice FeNe)
 22602 | D:9      | Killed topfpfpflanze's ghost
 22677 | D:9      | Identified the +7 hand axe "Ympecuvis" {spect, *Noise
                  | Str+7}
 22797 | D:9      | Identified the +1 dagger "Tem Loce" {distort, rF- rC++
                  | Int+4}
 23218 | D:12     | Found a staircase to the Orcish Mines.
 23221 | Orc:1    | Entered Level 1 of the Orcish Mines
 23640 | Lair:5   | Bought a glowing scimitar for 161 gold pieces
 24012 | Orc:2    | Entered Level 2 of the Orcish Mines
 24023 | Orc:1    | Reached skill level 13 in Dodging
 25042 | Orc:2    | Noticed Maurice
 25052 | Orc:2    | Killed Maurice
 25069 | Orc:2    | Found a staircase to the Elven Halls.
 25274 | Orc:2    | Found Naosk's Antique Weapon Shop.
 25651 | Orc:2    | Found Hepp's Book Shop.
 25680 | Orc:2    | Noticed Erolcha
 25686 | Orc:2    | Killed Erolcha
 25765 | Orc:2    | Noticed Donald
 25993 | Orc:2    | Killed Donald
 26253 | Orc:2    | Reached skill level 14 in Dodging
 26553 | Orc:2    | Found Loutaw's Antique Weapon Boutique.
 26557 | Orc:2    | Found Govewisch's Antique Armour Shop.
 26563 | Orc:2    | Bought a pair of ichor-stained boots for 237 gold pieces
 26563 | Orc:2    | Identified the +2 pair of boots of Analysis {Rampage Will+
                  | Str+3} (You bought it in a shop on level 2 of the Orcish
                  | Mines)
 26563 | Orc:2    | Bought an embroidered hat for 175 gold pieces
 26601 | Orc:2    | Bought a glowing scimitar for 238 gold pieces
 28478 | D:14     | You fall into a shaft and drop 1 floor!
 28478 | D:15     | Entered Level 15 of the Dungeon
 28982 | D:14     | Reached skill level 15 in Dodging
 29246 | D:14     | Found a stormy altar of Qazlal.
 29425 | D:14     | Noticed Urug
 29440 | D:14     | Killed Urug
 29473 | D:14     | Found a gate to the Vaults.
 29830 | D:14     | Reached XP level 17. HP: 103/110 MP: 17/17
 30168 | D:15     | Identified the +1 robe "Trusted Companion" {-Cast rPois rC+
                  | Slay+3}
 30772 | D:15     | Found a staircase to the Depths.
 31242 | Spider:1 | Entered Level 1 of the Spider Nest
 31288 | Spider:1 | Reached skill level 16 in Dodging
 31795 | Spider:1 | Reached skill level 15 in Fighting
 33173 | Spider:1 | Reached skill level 1 in Shields
 33400 | Spider:2 | Noticed Kirke
 33417 | Spider:2 | Killed Kirke
 33618 | Spider:2 | Noticed Frances
 33631 | Spider:2 | Killed Frances
 33900 | Spider:2 | Noticed Aizul
 33918 | Spider:2 | Killed Aizul
 34898 | Spider:3 | Noticed Azrael
 35136 | Spider:3 | Killed Azrael
 35462 | Spider:3 | Reached XP level 18. HP: 116/119 MP: 18/18
 36114 | Spider:3 | Identified the +3 leather armour of Springtime {*Slow rElec
                  | Will++ Slay+3}
 36765 | Spider:4 | Entered Level 4 of the Spider Nest
 37084 | Spider:4 | Reached skill level 5 in Shields
 38191 | Spider:4 | HP: 1/119 [disintegration (65)]
 38589 | Spider:4 | Reached skill level 17 in Dodging
 39989 | Spider:4 | Got a gossamer rune of Zot
 40373 | Swamp:1  | Entered Level 1 of the Swamp
 41142 | Swamp:1  | Noticed Roxanne
 41378 | Swamp:1  | Reached XP level 19. HP: 125/125 MP: 19/19
 41632 | Swamp:1  | Killed Roxanne
 42027 | Swamp:2  | Reached skill level 18 in Dodging
 42040 | Swamp:2  | Reached skill level 15 in Stealth
 44174 | Swamp:4  | Entered Level 4 of the Swamp
 45384 | Swamp:4  | Reached XP level 20. HP: 99/134 MP: 20/20
 45756 | Swamp:4  | Got a decaying rune of Zot
 46108 | Elf:1    | Entered Level 1 of the Elven Halls
 46130 | Elf:1    | Noticed Asterion
 46151 | Elf:1    | Killed Asterion
 46716 | Elf:1    | HP: 2/134 [+4 halberd of freezing (22)]
 46725 | Elf:1    | Reached skill level 15 in Evocations
 46836 | Elf:1    | Found Winan's Assorted Antiques.
 46848 | Elf:1    | Bought a wand of mindburst (11) for 554 gold pieces
 46848 | Elf:1    | Bought a potion of haste for 360 gold pieces
 46848 | Elf:1    | Bought a pair of masterwork boots for 342 gold pieces
 46848 | Elf:1    | Identified the +2 pair of boots "Hatometi" {rC+ Will-
                  | Str+3} (You bought it in a shop on level 1 of the Elven
                  | Halls)
 47036 | Elf:1    | Reached skill level 19 in Dodging
 47075 | Elf:1    | Found Ecugimax's General Store.
 47091 | Elf:1    | Bought a potion of curing for 33 gold pieces
 47091 | Elf:1    | Bought a scroll of teleportation for 33 gold pieces
 47334 | Elf:1    | HP: 6/134 [deep elf high priest/a malign offering (5)]
 47335 | Elf:1    | Slain by a deep elf knight

Illustrated notes

Levels and vault maps discovered:
D:1:      tarquinn_simple_flora_water_b, layout_basic, nrook_loot_triangle,
          minmay_misc_feat_roman, dk_noncrumbling_2
D:2:      layout_loops_ring, dreamdust_ecumenical_altar_statues,
          minmay_tetromino_t2, uniq_robin
D:3:      layout_loops_ring, gammafunk_ghost_nasty_kobolds
D:4:      layout_basic
D:5:      layout_loops_ring, portal_sewer_entry_b, minmay_fountain_box,
          nicolae_shop_sticking_my_neck_out
D:6:      layout_rooms, kennysheep_generic_room_3, uniq_edmund
D:7:      layout_loops_cross, minmay_temple_entry_overgrown,
          serial_bayou_pond_d, minivault_27, uniq_joseph
D:8:      layout_loops_ring, ebering_ghost_gozag,
          minmay_shop_enchanted_jewellery, kennysheep_kite_vault
D:9:      layout_irregular_city, gammafunk_temple_overflow_arena,
          gammafunk_ghost_icy, minmay_quadrilaterals
D:10:     layout_loops_corners, minitemple, erik_lair_orcish_takeover,
          uniq_josephine
D:11:     layout_basic, dreamdust_gnoll_shepherd, uniq_psyche
D:12:     layout_layer_cave, orc_0_dummy, portal_ice_cave_entry_pillars_2
D:13:     layout_irregular_city, nrook_campfire
D:14:     layout_loops_cross, david_vaults_3, nicolae_elevator_lobby_asterisk,
          nicolae_qazlal_eye_of_the_storm
D:15:     grunt_enter_depths_magical_seal, layout_loops_ring, minivault_25
Temple:   nicolae_temple_slightly_damp_pantheon
Lair:1:   layout_gridlike, lightli_volcano_entry_magma_tube,
          serial_bayou_shore_b
Lair:2:   layout_regular_city, palyth_hydra_swamp_entry, lemuel_fruit_tree
Lair:3:   layout_regular_city, hellmonk_spider_entry_not_the_bees,
          grunt_forest_small_clearings, grunt_megastairs_3, uniq_rupert
Lair:4:   layout_regular_city, nicolae_slime_entry_slimehenge, minivault_23,
          beast_lair_carwin_1, lemuel_fruit_fields, grunt_megastairs_4
Lair:5:   gammafunk_lair_ancient_temple, layout_loops_ring,
          hellmonk_ghost_happy_afterlife, evilmike_ambush
          [evilmike_ambush_outer_pillars, evilmike_ambush_inner_pond],
          infiniplex_staircase_pool_2
Swamp:1:  layout_basic_swamp, nicolae_swamp_little_tower, uniq_roxanne
Swamp:2:  layout_basic_swamp, evilmike_swamp_ruin_house_1, swamp_pool5,
          hangedman_swamp_double_dragon
Swamp:3:  layout_basic_swamp, evilmike_swamp_ruin_rubble_1, swamp_pool1,
          worms_lemuel
Swamp:4:  swamp_fiery, layout_basic_swamp
Spider:1: layout_spider_delve
Spider:2: layout_spider_delve, uniq_aizul, uniq_frances, uniq_kirke
Spider:3: layout_chambers, hangedman_spider_tarantella_strand, uniq_azrael
Spider:4: spider_rune_water, nicolae_spider_world_wide_web
Orc:1:    layout_diamond_mine, roderic_batcave
Orc:2:    grunt_orc_community_town_hall, layout_caves,
          grunt_orc_community_big_house_2, grunt_orc_community_big_house_1,
          grunt_orc_community_house_2, grunt_orc_community_house_1,
          grunt_orc_community_house_1, grunt_orc_community_house_3,
          nicolae_orc_stony_grotto, mines_bat_river, uniq_donald, uniq_erolcha,
          uniq_maurice
Elf:1:    eino_elf_arrival_sip, layout_loops_cross, serial_shops, shop,
          nicolae_shop_real_fake_doors, orc_legates, st_stairs_7, uniq_asterion

Skill      XL: |  1  2  3  4  5  6  7  8  9 10 11 12 13 14 15 16 17 18 19 20 |
---------------+-------------------------------------------------------------+-----
Short Blades   | 5 6 7 8 12 13 14 | 14.0
Dodging        | 5 8 9 11 12 15 16 17 18 19 | 19.0
Stealth        | 5 8 9 12 14 16 | 16.7
Fighting       | 4 7 9 11 13 15 16 17 | 17.4
Armour         | 2 3 5 6 7 8 |  8.3
Long Blades    | 6 10 12 | 12.8
Evocations     | 6 8 11 13 15 | 15.1
Shields        | 4 5 |  5.5
Throwing       | |  2.1

Action                     |  1- 3 |  4- 6 |  7- 9 | 10-12 | 13-15 | 16-18 | 19-21 || total
---------------------------+-------+-------+-------+-------+-------+-------+-------++-------
  Melee: Rapier            |    82 |   150 |   313 |   338 |       |       |       ||   883
         Punch             |       |     1 |     7 |    13 |       |       |       ||    21
         Scimitar          |       |       |       |   517 |  1426 |  2414 |  1066 ||  5423
  Throw: Throwing net      |       |     2 |       |     3 |     1 |       |       ||     6
         Dart              |       |       |    11 |     7 |     4 |     6 |       ||    28
         Boomerang         |       |       |       |     4 |    37 |    90 |    18 ||   149
 Invoke: Potion Petition   |       |       |       |       |     3 |     3 |       ||     6
         Call Merchant     |       |       |       |       |     3 |       |       ||     3
  Evoke: Wand              |       |       |       |     5 |     9 |    23 |     8 ||    45
         Phantom mirror    |       |       |       |       |       |     1 |       ||     1
    Use: Scroll            |     6 |     3 |     5 |    15 |    10 |    13 |     5 ||    57
         Potion            |       |       |       |     2 |    10 |    11 |     6 ||    29
   Stab: Sleeping          |     8 |    12 |     9 |    19 |    26 |    74 |    19 ||   167
         Held in net/web   |       |     3 |       |     6 |       |       |       ||     9
         Invisible         |       |       |    10 |       |    16 |     9 |       ||    35
         Distracted        |       |       |     1 |     7 |     9 |    30 |    19 ||    66
         Confused          |       |       |       |       |     6 |       |     1 ||     7
         Petrifying        |       |       |       |       |     3 |       |       ||     3
 Armour: Leather armour    |    12 |    27 |    17 |       |       |       |       ||    56
         Ring mail         |       |       |    23 |   205 |   297 |   493 |   185 ||  1203
  Dodge: Dodged            |    44 |    77 |   152 |   717 |   995 |  2164 |   896 ||  5045
         Repelled          |       |       |       |       |     1 |    14 |    24 ||    39
  Block: Buckler           |       |       |       |     7 |   359 |   939 |   398 ||  1703

Table legend: (Time is in decaauts)
 A = Elapsed time spent in this place.
 B = Non-inter-level travel time spent in this place.
 C = Inter-level travel time spent in this place.
 D = Time resting spent in this place.
 E = Time spent auto-exploring this place.
 F = Levels seen in this place.
 G = Mean time per level.
                   A        B        C        D        E       F      G
               +--------+--------+--------+--------+--------+-----+--------+
         Total |  46093 |  43162 |   2931 |   9603 |  20971 |  35 | 1316.9 |
       Dungeon |  17026 |  15342 |   1684 |   1996 |   9640 |  15 | 1135.1 |
        Temple |    455 |    434 |     21 |      0 |    398 |   1 |  455.0 |
          Lair |   8073 |   7429 |    644 |   1290 |   3966 |   5 | 1614.6 |
         Swamp |   5249 |   5149 |    100 |   1827 |   1731 |   4 | 1312.2 |
   Spider Nest |   8850 |   8599 |    251 |   3071 |   3082 |   4 | 2212.5 |
  Orcish Mines |   3109 |   2881 |    228 |    537 |   1276 |   2 | 1554.5 |
   Elven Halls |   1115 |   1115 |      0 |    352 |    363 |   1 | 1115.0 |
         Sewer |    189 |    189 |      0 |      0 |    126 |   1 |  189.0 |
      Ice Cave |   1597 |   1597 |      0 |    476 |    366 |   1 | 1597.0 |
       Volcano |    425 |    425 |      0 |     51 |     21 |   1 |  425.0 |
               +--------+--------+--------+--------+--------+-----+--------+

Top non-repeatable levels by time:
Spider:3: 2848 daAuts
Spider:4: 2553 daAuts
Spider:1: 2280 daAuts
  Lair:5: 1938 daAuts
    D:10: 1877 daAuts
   Orc:2: 1775 daAuts
 Swamp:2: 1725 daAuts
  Lair:2: 1725 daAuts
     D:9: 1713 daAuts
    D:14: 1656 daAuts
  Lair:1: 1643 daAuts
 Swamp:4: 1611 daAuts
   IceCv: 1597 daAuts
  Lair:4: 1549 daAuts
    D:11: 1354 daAuts
